 Dungeon Crawl Stone Soup version 0.27-a0-686-gaed091b46b (webtiles) character file.

Game seed: 13628455806925278575

1058455 spiderkeys the Conqueror (level 27, -11/367 HPs)
             Began as a Minotaur Berserker on Mar 19, 2021.
             Was a High Priest of the Shining One (penitent).
             Killed from afar by a Hell Sentinel (35 damage)
             ... with an iron shot
             ... summoned by an orange crystal statue
             ... on level 5 of a ziggurat on Mar 21, 2021.
             The game lasted 04:18:09 (127219 turns).

spiderkeys the Conqueror (Minotaur Berserker)     Turns: 127219, Time: 04:18:11

Health: -11/367    AC: 36    Str: 30      XL:     27
Magic:  13/29      EV:  2    Int:  2 (13) God:    the Shining One [*]
Gold:   10542      SH: 26    Dex: 18      Spells: 31/32 levels left

rFire    . . .     SeeInvis .   O - +9 trishula (holy)
rCold    + . .     Faith    .   q - +1 kite shield {AC+3}
rNeg     + + +     Spirit   .   (armour currently unavailable)
rPois    +         Reflect  +   (helmet unavailable)
rElec    .         Harm     .   (cloak currently unavailable)
rCorr    .         Rampage  .   (gloves currently unavailable)
Will     ++...     NoTele   +   (boots currently unavailable)
Stlth    ++........             b - amulet of reflection
HPRegen  0.71/turn              I - ring of protection from cold
MPRegen  0.21/turn              Z - ring of Pazar {Int+6 Dex+6}

@: tree-form (expiring), weakened, studying 2 skills
A: stationary, stasis, torment immunity, boosted hp, (horns 3), (retaliatory
headbutt), (iridescent scales 1), (slimy green scales 1), deterioration 1, frail
1, (teleportitis 1), [low mp 2]
}: 8/15 runes: barnacled, slimy, silver, golden, iron, icy, abyssal, gossamer
a: Renounce Religion


You were on level 5 of a ziggurat.
You worshipped the Shining One.
The Shining One was demanding penance.
You were a tree.
You visited 16 branches of the dungeon, and saw 76 of its levels.
You visited the Abyss 3 times.
You visited 1 ziggurat, and saw 5 of its levels.
You also visited: Trove and Sewer.

You collected 17362 gold pieces.
You spent 6820 gold pieces at shops.

Inventory:

Hand Weapons
 m - a +9 antimagic trident
 O - a +9 trishula of holy wrath (weapon)
Missiles
 x - 8 throwing nets
 E - 60 javelins
 U - 50 silver javelins
Armour
 q - a +1 kite shield of protection (worn)
 r - a +2 pair of gloves (melded)
 G - a +2 pair of boots of flying (melded)
 J - the +4 dragonskin cloak (melded)
   (You took it off Tiamat on level 2 of the Realm of Zot)
 R - +2 gold dragon scales
 T - a +2 hat
 X - the +9 crystal plate armour of Nekamac (melded) {Rampage rElec Regen+ Dex-2}
   (You bought it in a shop on level 5 of the Depths)

   It affects your dexterity (-2).
   It insulates you from electricity.
   It increases your rate of regeneration.
   It bestows one free step when moving towards enemies.
Jewellery
 a - the ring "Lepty" {*Corrode rElec rF+ Will+ Int+3}
   (You found it on level 3 of the Crypt)

   [ring of willpower]

   It affects your intelligence (+3).
   It protects you from fire.
   It insulates you from electricity.
   It affects your willpower, your defense against some magical effects.
   It may corrode you when you take damage.
 b - an amulet of reflection (around neck)
 i - a ring of see invisible
 v - a ring of resist corrosion
 H - the amulet "Xuipol" {RegenMP rPois rC+ Str+2 Dex-5}
   (You found it on level 3 of the Tomb of the Ancients)

   [amulet of magic regeneration]

   It increases your magic regeneration.
   It affects your strength (+2).
   It affects your dexterity (-5).
   It protects you from cold.
   It protects you from poison.
 I - a ring of protection from cold (right branch)
 Z - the ring of Pazar (left branch) {Int+6 Dex+6}
   (You took it off a deep elf blademaster on level 3 of the Elven Halls)

   [ring of intelligence]

   It affects your intelligence (+6).
   It affects your dexterity (+6).
Wands
 M - a wand of digging (3)
 N - a wand of acid (15)
 Q - a wand of paralysis (55)
Scrolls
 c - 6 scrolls of magic mapping
 h - 6 scrolls of immolation
 k - 2 scrolls of summoning
 l - 21 scrolls of teleportation
 n - 6 scrolls of enchant weapon
 p - 10 scrolls of vulnerability
 u - a scroll of blinking
 y - 3 scrolls of silence
 z - 5 scrolls of amnesia
 D - a scroll of enchant armour
 F - 14 scrolls of fear
 L - 4 scrolls of fog
 S - 27 scrolls of identify
Potions
 d - 2 potions of brilliance
 e - 5 potions of haste
 f - 7 potions of ambrosia
 g - 14 potions of curing
 o - 4 potions of might
 s - 5 potions of invisibility
 t - 6 potions of resistance
 w - 9 potions of flight
 A - 10 potions of cancellation
 C - 2 potions of lignification
Miscellaneous
 j - a figurine of a ziggurat
 B - a phantom mirror (inert)
 Y - a box of beasts


   Skills:
 O Level 27 Fighting
 O Level 27 Polearms
 * Level 24.7 Throwing
 O Level 27 Armour
 O Level 27 Dodging
 O Level 27 Shields
 - Level 3.4 Spellcasting
 - Level 3.7 Translocations
 + Level 21.1 Invocations
 + Level 6.6 Evocations


You had 31 spell levels left.
You knew the following spells:

 Your Spells              Type           Power      Damage    Failure   Level
a - Apportation           Tloc           2%         N/A       10%         1

Your spell library contained the following spells:

 Spells                   Type           Power      Damage    Failure   Level
 Blink                    Tloc           N/A        N/A       16%         2
 Gell's Gravitas          Tloc           0%         N/A       30%         3
 Lesser Beckoning         Tloc           0%         N/A       30%         3
 Teleport Other           Tloc           1%         N/A       30%         3
 Animate Skeleton         Necr           0%         N/A       43%         1
 Beastly Appendage        Tmut           0%         N/A       43%         1
 Corona                   Hex            0%         N/A       43%         1
 Foxfire                  Conj/Fire      0%         2x1d4     43%         1
 Freeze                   Ice            0%         1d3       43%         1
 Magic Dart               Conj           0%         1d3       43%         1
 Pain                     Necr           0%         1d4       43%         1
 Shock                    Conj/Air       0%         1d3       43%         1
 Sting                    Tmut/Pois      0%         1d3       43%         1
 Summon Small Mammal      Summ           0%         N/A       43%         1
 Portal Projectile        Hex/Tloc       2%         N/A       54%         3
 Call Imp                 Summ           0%         N/A       56%         2
 Corpse Rot               Necr/Air       N/A        N/A       56%         2
 Ensorcelled Hibernation  Hex/Ice        0%         N/A       56%         2
 Passwall                 Tmut/Erth      0%         N/A       56%         2
 Poisonous Vapours        Pois/Air       0%         N/A       56%         2
 Searing Ray              Conj           0%         3d3       56%         2
 Slow                     Hex            0%         N/A       56%         2
 Sublimation of Blood     Necr           0%         N/A       56%         2
 Swiftness                Air            0%         N/A       56%         2
 Wereblood                Tmut           0%         N/A       56%         2
 Manifold Assault         Tloc           1%         N/A       69%         4
 Passage of Golubria      Tloc           N/A        N/A       69%         4
 Call Canine Familiar     Summ           0%         N/A       80%         3
 Confusing Touch          Hex            0%         N/A       80%         3
 Conjure Flame            Conj/Fire      0%         6-21      80%         3
 Dazzling Flash           Conj/Hex       0%         N/A       80%         3
 Frozen Ramparts          Ice            0%         1d2       80%         3
 Ignite Poison            Fire/Tmut/Pois 0%         N/A       80%         3
 Mephitic Cloud           Conj/Pois/Air  0%         N/A       80%         3
 Ozocubu's Armour         Ice            0%         N/A       80%         3
 Static Discharge         Conj/Air       0%         N/A       80%         3
 Stone Arrow              Conj/Erth      0%         3d7       80%         3
 Summon Guardian Golem    Hex/Summ       0%         N/A       80%         3
 Tukima's Dance           Hex            0%         N/A       80%         3
 Vampiric Draining        Necr           0%         2d6       80%         3
 Iskenderun's Mystic Bla  Conj/Tloc      1%         2d3       91%         4
 Airstrike                Air            0%         N/A       99%         4
 Animate Armour           Summ/Erth      0%         N/A       99%         4
 Cause Fear               Hex            0%         N/A       99%         4
 Dispel Undead            Necr           0%         3d6       99%         4
 Fulminant Prism          Conj/Hex       0%         3d6       99%         4
 Hailstorm                Conj/Ice       0%         3d3       99%         4
 Ice Form                 Ice/Tmut       0%         N/A       99%         4
 Olgreb's Toxic Radiance  Pois           0%         N/A       99%         4
 Petrify                  Tmut/Erth      0%         N/A       99%         4
 Summon Ice Beast         Ice/Summ       0%         N/A       99%         4
 Summon Lightning Spire   Summ/Air       0%         N/A       99%         4
 Summon Forest            Summ/Tloc      0%         N/A       99%         5
 Agony                    Necr           0%         N/A       100%        5
 Alistair's Intoxication  Tmut/Pois      0%         N/A       100%        5
 Bolt of Magma            Conj/Fire/Erth 0%         4d4       100%        5
 Borgnjor's Vile Clutch   Necr/Erth      0%         N/A       100%        5
 Excruciating Wounds      Necr           0%         N/A       100%        5
 Lee's Rapid Deconstruct  Erth           0%         3d5*      100%        5
 Lightning Bolt           Conj/Air       0%         1d11      100%        5
 Metabolic Englaciation   Hex/Ice        0%         N/A       100%        5
 Silence                  Hex/Air        0%         N/A       100%        5
 Summon Mana Viper        Hex/Summ       0%         N/A       100%        5
 Yara's Violent Unravell  Hex/Tmut       0%         3d3       100%        5
 Dispersal                Tloc           0%         N/A       100%        6
 Eringya's Noxious Bog    Tmut/Pois      0%         N/A       100%        6
 Freezing Cloud           Conj/Ice/Air   0%         6-21      100%        6
 Hydra Form               Tmut           0%         N/A       100%        6
 Invisibility             Hex            0%         N/A       100%        6
 Shadow Creatures         Summ           N/A        N/A       100%        6
 Simulacrum               Ice/Necr       0%         N/A       100%        6
 Starburst                Conj/Fire      0%         8x6d3     100%        6
 Statue Form              Tmut/Erth      0%         N/A       100%        6
 Dragon Form              Tmut           0%         N/A       100%        7
 Haunt                    Necr/Summ      0%         N/A       100%        7
 Malign Gateway           Summ/Tloc      0%         N/A       100%        7
 Monstrous Menagerie      Summ           0%         N/A       100%        7
 Ozocubu's Refrigeration  Ice            0%         4d5       100%        7
 Summon Hydra             Summ           0%         N/A       100%        7
 Borgnjor's Revivificati  Necr           0%         N/A       100%        8
 Chain Lightning          Conj/Air       0%         N/A       100%        8
 Discord                  Hex            0%         N/A       100%        8
 Disjunction              Tloc           0%         N/A       100%        8
 Ignition                 Fire           0%         3d3       100%        8
 Infestation              Necr           0%         N/A       100%        8
 Lehudib's Crystal Spear  Conj/Erth      0%         10d2      100%        8
 Necromutation            Tmut/Necr      0%         N/A       100%        8
 Summon Horrible Things   Summ           0%         N/A       100%        8
 Absolute Zero            Ice            0%         ∞         100%        9
 Death's Door             Necr           0%         N/A       100%        9
 Dragon's Call            Summ           0%         N/A       100%        9
 Fire Storm               Conj/Fire      0%         5d1       100%        9
 Shatter                  Erth           0%         3d5*      100%        9
 Tornado                  Air            0%         N/A       100%        9


Dungeon Overview and Level Annotations

Branches:
Dungeon (15/15)            Temple (1/1) D:4            Lair (6/6) D:11
 Shoals (4/4) Lair:4       Spider (4/4) Lair:4        Slime (5/5) Lair:5
    Orc (2/2) D:12            Elf (3/3) Orc:2        Vaults (5/5) D:14
  Crypt (3/3) Vaults:3       Tomb (3/3) Crypt:3      Depths (5/5) D:15
   Hell (visited)             Dis (7/7) Hell            Geh (0/7) Hell
    Coc (7/7) Hell            Tar (0/7) Hell            Zot (5/5) Depths:5
  Sewer (visited)

Altars:
Ashenzari
Cheibriados
Dithmenos
Elyvilon
Fedhas
Gozag
Hepliaklqana
Kikubaaqudgha
Makhleb
Nemelex Xobeh
Okawaru
Qazlal
Ru
Sif Muna
Trog
Uskayaw
Vehumet
Wu Jian
Xom
Yredelemnul
Zin
The Shining One
Beogh
Jiyva

Shops:
D:2 ?   D:14 ?   D:15 [   Orc:2 ?!?[   Elf:1 *   Elf:3 [   Shoals:3 [
Vaults:1 :   Depths:3 ![   Depths:5 *![![

Portals:
Hell: Depths:1 Depths:2 Depths:3 Depths:4 Depths:5
Abyss: Spider:4 Depths:2 Depths:4
Pandemonium: Depths:3

Annotations:
D:9 1 runed translucent door
Depths:3 1 runed translucent door
Zig:5 exclusions: ice statue and 2 orange crystal statues


Innate Abilities, Weirdness & Mutations

You are a tree.
Your roots penetrate the ground, keeping you stationary.
You cannot be teleported.
You are immune to unholy pain and torment.
Your maximum health is greatly increased.
Your equipment is partially melded.
((You have a pair of large horns on your head.))
((You reflexively headbutt those who attack you in melee.))
((You are partially covered in iridescent scales. (AC +2)))
((You are partially covered in slimy green scales. (AC +2)))
Your body sometimes deteriorates upon taking damage.
You are frail. (-10% HP)
((You are occasionally teleported next to monsters.))
[Your magical capacity is very low. (-20% MP)]


Message History

The lorocyproca is moderately wounded.
The golden flame engulfs the Hell Sentinel!!
The Hell Sentinel writhes in agony!
The Hell Sentinel is moderately wounded.
The golden flame engulfs the ice beast!!
The ice beast is almost dead.
The golden flame engulfs the soul eater!!
The soul eater writhes in agony!
The soul eater is severely wounded.
The golden flame engulfs Juonaise!
Juonaise writhes in agony!
Juonaise is moderately wounded.
You feel very guilty. "You will pay for your transgression, mortal!"
Your divine halo fades away.
The golden flame engulfs the monstrous demonspawn!!
The monstrous demonspawn writhes in agony!
The monstrous demonspawn is moderately wounded.
The golden flame engulfs the hellion!!!!
The hellion writhes in agony!
You kill the hellion!
The golden flame engulfs the ice beast!!
You kill the ice beast!
The golden flame engulfs your ice devil!!
Your ice devil writhes in agony!
Your ice devil is heavily wounded.
The golden flame engulfs the gelid black sun!!!
The gelid black sun writhes in agony!
The gelid black sun is heavily wounded.
Your ice devil disappears in a puff of smoke!
Juonaise shimmers and vanishes!
The hell beast bites you but does no damage.
You block the hell beast's attack. You block the cacodemon's attack.
The cacodemon hits you but does no damage.
The torturous corrupter utters an invocation to Lugonu.
You feel less energetic. x2
The infernal black sun hits you but does no damage.
The Hell Sentinel gestures at you. The iron shot hits you!!
You die...

.......
▓▓▓▓.......▓▓
▓...8.....8..
▓...........$
▓..........)(
▓∩....§§...)[
▓....6.6....[
▓....6.36...:
▓...Y♣6...8..
▓▓▓▓221....▓▓
▓..§....▓
▓▓▓▓▓▓▓▓▓


You could see a Hell Sentinel (summoned, black mark), a monstrous demonspawn
(summoned, black mark), a cacodemon (black mark), a hell beast (summoned, black
mark), an ice statue, 2 orange crystal statues, a torturous corrupter (summoned,
black mark, weak), 3 demonspawn, a soul eater (summoned, black mark) and an ice
beast (summoned).

Vanquished Creatures
  Antaeus (Coc:7)
  the Royal Jelly (Slime:5)
  Tiamat (Zot:2)
  3 dread liches
  5 orbs of fire
  Mara (Vaults:2)
  Dispater (Dis:7)
  3 ancient liches
  2 juggernauts
  Sojobo (Vaults:2)
  25 royal mummies
  Bai Suzhen (Crypt:2)
  Frederick (Tomb:3)
  4 Killer Klowns
  Margery (Crypt:3)
  3 shard shrikes (Coc:7)
  2 curse toes
  Geryon (Hell)
  A pandemonium lord (Zig:5)
  3 caustic shrikes (Depths:3)
  Jory (Crypt:2)
  5 golden dragons
  9 bone dragons
  3 Brimstone Fiends (Dis:4)
  A Tzitzimitl (Dis:2)
  3 electric golems
  16 tentacled monstrosities
  17 iron giants
  The ghost of Qeapsu Xaesm the Severer, an adept NaFi of Cheibriados (Depths:3)
  10 Ice Fiends
  22 Orb Guardians (Zot:5)
  13 Hell Sentinels
  3 titans
  4 quicksilver dragons
  3 deep elf blademasters
  10 liches
  Murray (Depths:2)
  26 acid blobs
  8 death cobs
  10 sphinxes
  6 tentacled starspawn
  25 ancient champions
  Frances (D:13)
  2 sphinxes (shapeshifter)
  6 Executioners
  Agnes (Elf:2)
  12 shadow dragons
  7 storm dragons
  9 tengu reavers
  7 draconian monks
  9 rockslimes
  9 fire giants
  9 azure jellies
  9 frost giants
  6 cacodemons
  14 draconian scorchers
  3 orc warlords
  7 revenants
  6 draconian knights
  9 draconian shifters
  8 iron dragons
  11 ghost moths
  9 vault wardens
  4 balrugs
  The ghost of Wyvvagh the Blocker, a journeyman GnFi of Cheibriados (Spider:4)
  2 angels
  14 ghouls
  Aizul (Elf:2)
  13 deep elf sorcerers
  4 draconian stormcallers
  7 emperor scorpions
  19 ironbound preservers
  22 war gargoyles
  7 deep elf elementalists
  2 spriggan defenders
  45 reapers
  5 draconian annihilators
  28 very ugly things
  4 elemental wellsprings
  2 quicksilver oozes
  2 ophanim (Abyss:3)
  28 stone giants
  6 vampire knights
  6 deep elf demonologists
  14 green draconians
  4 lorocyprocas
  4 entropy weavers (Spider:2)
  Nessos (D:15)
  15 black draconians
  11 purple draconians
  Azrael (D:15)
  8 deep elf annihilators
  8 spark wasps
  13 yellow draconians
  5 bennus
  9 white draconians
  9 deep elf death magi
  8 dire elephants
  8 red draconians
  2 crystal guardians (Vaults:3)
  A green death (Dis:3)
  4 merfolk javelineers
  10 merfolk impalers
  9 eidola
  Snorg (D:12)
  9 deep elf high priests
  6 fire dragons
  19 blizzard demons
  5 jiangshi
  A spectral quicksilver dragon (Crypt:3)
  9 ettins
  The ghost of Terratoch the Cleaver, a journeyman HOFi of Ashenzari (Orc:1)
  4 quicksilver dragon zombies
  16 yaktaur captains
  17 mummy priests
  Fannar (D:12)
  5 boulder beetles
  3 kraken zombies
  38 vault guards
  A peacekeeper (Vaults:3)
  12 great orbs of eyes
  6 ironbound thunderhulks
  3 hell beasts
  7 ironbound frosthearts
  A quicksilver dragon skeleton (Coc:6)
  5 hydras
  6 ogre magi
  A juggernaut simulacrum (Depths:3)
  27 ice dragons
  An alligator snapping turtle (Shoals:4)
  2 spriggan air magi (Depths:4)
  4 death knights
  18 centaur warriors
  7 rakshasas
  7 merfolk aquamancers
  4 catoblepae
  24 dancing weapons
  9 deep troll earth magi
  A spectral fire giant (Crypt:3)
  A fenstrider witch skeleton (Crypt:2)
  6 merfolk avatars
  8 satyrs
  6 hell hogs
  8 deep troll shamans
  65 death scarabs
  33 two-headed ogres
  8 vampire magi
  A queen ant (Spider:2)
  An orc high priest (Zig:3)
  2 spectral dire elephants (Crypt:3)
  5 death yaks (Lair:6)
  6 ironbound beastmasters
  5 tengu warriors
  3 spriggans
  7 thrashing horrors
  A shock serpent (shapeshifter) (Vaults:5)
  2 storm dragon zombies
  4 spriggan berserkers
  4 spectral storm dragons (Crypt:3)
  6 titan zombies
  11 soul eaters
  Nergalle (D:11)
  20 iron trolls
  A titan skeleton (Coc:6)
  The ghost of foci the Cleaver, a novice GrFi of the Shining One (D:9)
  17 deep elf knights
  31 hell knights
  5 sixfirhies
  3 golden dragon zombies
  12 shadow wraiths
  21 iron golems
  5 sun demons
  7 wretched stars
  2 shadow demons
  93 skeletal warriors
  A storm dragon skeleton (Tomb:2)
  22 sea snakes
  2 spectral anacondas (Crypt:3)
  A spark wasp zombie (Crypt:1)
  A quicksilver dragon simulacrum (Crypt:3)
  2 cherubim (Abyss:3)
  14 flayed ghosts
  6 anaconda zombies
  79 deep trolls
  3 golden dragon skeletons
  A ghost moth zombie (Dis:1)
  7 shadow dragon zombies
  18 bog bodies
  5 unseen horrors
  15 glowing orange brains
  2 obsidian statues
  9 wizards
  11 deep elf archers
  19 starcursed masses
  5 lindwurms
  A spectral iron dragon (Crypt:3)
  5 wolf spider zombies
  2 anaconda skeletons
  2 orange crystal statues
  27 phantasmal warriors
  20 deep elf zephyrmancers
  16 ironbound convokers
  26 deep elf pyromancers
  11 necromancers
  19 large abominations
  A spectral alligator (Crypt:3)
  21 orb spiders
  19 harpies
  5 orc sorcerers
  14 orc knights
  20 wolf spiders
  37 cyclopes
  3 iron dragon zombies
  8 fire giant zombies
  48 ugly things
  A will-o-the-wisp (Abyss:1)
  A shadow dragon skeleton (Coc:5)
  3 shining eyes
  An eleionoma zombie (Crypt:1)
  18 fauns
  14 manticores
  An orb spider (shapeshifter) (Vaults:5)
  A spectral fire dragon (Crypt:3)
  8 stone giant zombies
  A faun (shapeshifter) (Vaults:5)
  4 worldbinders
  24 moths of wrath
  6 frost giant zombies
  A spectral ice dragon (Crypt:3)
  A centaur zombie (D:15)
  23 vault sentinels
  2 black mambas
  3 ice statues
  54 rust devils
  6 stone giant skeletons
  9 elephants
  3 apocalypse crabs
  4 frost giant skeletons
  An iron dragon skeleton (Coc:6)
  A shock serpent zombie (Coc:4)
  4 molten gargoyles (D:13)
  A torpor snail (Lair:3)
  3 water nymphs
  12 merfolk sirens
  4 dire elephant zombies
  12 cane toads
  A cane toad (shapeshifter) (D:14)
  10 smoke demons
  2 gargoyles
  A torpor snail (shapeshifter) (Elf:2)
  A shock serpent skeleton (Coc:6)
  4 centaur skeletons
  8 rime drakes
  4 orange demons
  8 demonic crawlers
  A kobold demonologist (D:15)
  17 hellions
  A minotaur zombie (Dis:4)
  31 freezing wraiths
  36 tormentors
  3 anaconda simulacra
  A dire elephant skeleton (Coc:3)
  An efreet (Abyss:2)
  5 spectral swamp worms (Depths:2)
  A komodo dragon (shapeshifter) (D:8)
  2 iron troll zombies
  21 hydra zombies
  3 tengu conjurers
  3 hellwings
  48 ice devils
  17 komodo dragons
  40 yaktaurs
  A spectral harpy (Crypt:3)
  2 emperor scorpion zombies
  3 ancient zymes
  12 red devils
  A catoblepas skeleton (Coc:5)
  30 guardian mummies
  2 harpy zombies
  32 merfolk
  A meliai (shapeshifter) (Elf:1)
  38 jumping spiders
  2 green draconian skeletons
  13 trolls
  8 polar bears
  3 harpy skeletons
  2 hydra skeletons
  A wolf spider simulacrum (Crypt:3)
  9 wind drakes
  7 hornets
  A spectral swamp dragon (Crypt:3)
  6 ettin zombies
  60 slime creatures
  10 snapping turtles
  Prince Ribbit (D:5)
  8 alligator zombies
  A human skeleton (Vaults:3)
  A slime creature (shapeshifter) (D:15)
  A jumping spider zombie (Crypt:1)
  12 raiju
  4 dream sheep (Shoals:3)
  4 ice dragon zombies
  36 blink frogs
  67 flying skulls
  A dream sheep (shapeshifter) (Abyss:1)
  3 fire dragon zombies
  The ghost of srzhan31 the Conjurer, an amateur GrCj (D:4)
  2 air elementals
  2 ettin skeletons
  3 stone giant simulacra
  2 centaur simulacra
  A fire dragon skeleton (Crypt:3)
  A frost giant simulacrum (Coc:7)
  28 tarantellas
  2 black mamba zombies
  13 shadows
  3 ice dragon skeletons
  19 ushabtiu
  A vampire (D:13)
  58 redbacks
  8 wyverns
  6 ynoxinuls
  An alligator skeleton (Coc:6)
  27 wraiths
  34 water elementals
  51 yaks
  15 fire elementals
  A basilisk (shapeshifter) (Elf:2)
  4 chaos spawn
  4 neqoxecs
  8 golden eyes
  A tyrant leech zombie (Crypt:1)
  Menkaure (D:4)
  2 basilisks
  A steam dragon (D:14)
  A glowing shapeshifter zombie (Crypt:2)
  2 vampire mosquitoes
  2 infernal demonspawn zombies
  A spectral cane toad (Crypt:3)
  A green draconian simulacrum (Crypt:3)
  An acid dragon (D:12)
  11 wargs
  25 soldier ants
  9 cane toad zombies
  A spectral snapping turtle (Crypt:3)
  15 water moccasins
  3 hydra simulacra
  2 cane toad skeletons
  A merfolk skeleton (Coc:6)
  50 hell hounds
  An alligator simulacrum (Hell)
  A floating eye (Depths:3)
  A hornet zombie (D:8)
  25 orc warriors
  2 ettin simulacra (Coc:7)
  10 ice beasts
  3 manticore zombies
  10 black bears
  7 sky beasts
  A swamp dragon zombie (Hell)
  3 snapping turtle zombies
  11 necrophages
  2 boggarts (Elf:1)
  2 black mamba simulacra
  15 wolves
  A snapping turtle skeleton (Coc:6)
  11 centaurs
  A centaur (shapeshifter) (Vaults:5)
  38 ogres
  3 swamp dragon skeletons
  A hog skeleton (Crypt:2)
  A rime drake skeleton (Crypt:3)
  12 bullfrogs
  3 kobold brigands
  An elf skeleton (Crypt:2)
  2 cane toad simulacra
  6 wyvern skeletons
  15 small abominations
  49 wights
  13 killer bees
  7 electric eels
  4 howler monkeys
  A wolf zombie (Crypt:3)
  A lava snake (D:13)
  9 crimson imps (Depths:1)
  A human simulacrum (Vaults:3)
  2 human zombies
  2 jellies (D:8)
  2 quasits
  3 bullfrog skeletons
  4 hounds
  35 orc priests
  56 iron imps
  35 orc wizards
  2 iguanas
  7 hell rats (Hell)
  30 worker ants
  A naga zombie (Dis:4)
  A demigod skeleton (Crypt:1)
  2 hound skeletons
  52 mummies
  A worker ant zombie (D:10)
  8 gnolls (D:8)
  A howler monkey skeleton (D:4)
  18 adders
  A river rat (D:6)
  6 shadow imps
  13 white imps
  3 ufetubi
  2 oozes (Sewer)
  An adder zombie (D:5)
  An adder skeleton (D:8)
  A lava snake skeleton (Crypt:2)
  A worm (D:5)
  A barachi skeleton (Crypt:1)
  3 dart slugs
  5 leopard geckos
  128 orcs
  5 ball pythons
  A bat zombie (Crypt:2)
  10 giant cockroaches
  2 goblins (D:1)
  9 hobgoblins
  8 jackals
  3 quokkas
  4 bats
  10 frilled lizards
  2 jackal skeletons
  18 kobolds
  A leopard gecko skeleton (D:6)
  A leopard gecko zombie (D:5)
  An orc zombie (Hell)
  11 rats
  A fungus (Spider:1)
  7 starspawn tentacles
  6 tentacles
4106 creatures vanquished.

Vanquished Creatures (collateral kills)
  2 orbs of fire (Zot:5)
  9 royal mummies
  A shard shrike (Coc:7)
  2 Killer Klowns (Zot:5)
  3 Orb Guardians (Zot:5)
  4 Hell Sentinels (Dis:7)
  A lich (Tomb:1)
  An ancient champion (Tomb:3)
  A draconian monk (Zot:5)
  A tengu reaver (Vaults:1)
  A sphinx (Tomb:1)
  2 rockslimes (Slime:5)
  An azure jelly (Slime:5)
  A revenant (Tomb:1)
  A draconian knight (Zot:2)
  A frost giant (Coc:7)
  2 iron dragons (Dis:7)
  A draconian stormcaller (Zot:2)
  A draconian annihilator (Zot:2)
  2 war gargoyles (Dis:7)
  A bennu (Tomb:3)
  2 reapers
  2 red draconians
  2 purple draconians (Zot:2)
  3 white draconians
  3 mummy priests
  A blizzard demon (Coc:7)
  A vault guard (Vaults:1)
  A centaur warrior (Vaults:1)
  14 death scarabs
  An iron golem (Dis:7)
  7 skeletal warriors
  An iron troll (Dis:7)
  2 shadow demons (Dis:7)
  A wizard (Spider:4)
  A fire giant zombie (Coc:7)
  A wolf spider zombie (Dis:7)
  A manticore (Shoals:1)
  2 rust devils
  An ice statue (Zig:3)
  A tormentor (Coc:7)
  2 freezing wraiths (Coc:7)
  2 red devils (Dis:1)
  5 guardian mummies
  An ettin zombie (Coc:7)
  9 flying skulls
  A black mamba zombie (Dis:1)
  A shadow (Dis:1)
  An ushabti (Tomb:1)
  A hell hound (Dis:7)
  An ettin simulacrum (Tomb:1)
  2 snapping turtle zombies (Dis:7)
  6 iron imps (Dis:7)
  A tengu zombie (Dis:7)
  6 mummies
126 creatures vanquished.

Vanquished Creatures (others)
  An ancient champion (Dis:4)
  An iron dragon (Dis:7)
  A draconian knight (Zot:5)
  An elemental wellspring (Coc:6)
  A fire dragon (Depths:2)
  An ice dragon (Coc:7)
  A vampire mage (Depths:3)
  2 deep elf knights
  A wizard (Depths:3)
  A deep elf pyromancer (Elf:3)
  A deep elf zephyrmancer (Elf:1)
  A manticore (Shoals:4)
  A rust devil (Dis:7)
  A merfolk (Shoals:3)
  A golden eye (shapeshifter) (D:15)
  A chaos spawn (Abyss:2)
  A kobold brigand (Sewer)
  A small abomination (Abyss:2)
  A wight (Dis:3)
  A jelly (Abyss:2)
  An orc priest (Vaults:5)
  5 iron imps (Dis:7)
  A mummy (Dis:3)
  An adder (D:8)
  3 orcs
  13 fungi
  2 lurking horrors
  283 plants
  48 starspawn tentacles
  4 tentacles
382 creatures vanquished.

Grand Total: 4614 creatures vanquished

Notes
Turn   | Place    | Note
-------+----------+-------------------------------------------
     0 | D:1      | spiderkeys the Minotaur Berserker began the quest for the
                  | Orb.
     0 | D:1      | Reached XP level 1. HP: 19/19 MP: 0/0
   237 | D:1      | Reached XP level 2. HP: 24/27 MP: 1/1
   640 | D:2      | Reached ** piety under Trog
   824 | D:2      | Reached XP level 3. HP: 33/33 MP: 2/2
  1382 | D:2      | Found Liewet's Magic Scroll Shoppe.
  1990 | D:3      | Reached XP level 4. HP: 40/40 MP: 3/3
  2535 | D:3      | Found a hide-covered altar of Uskayaw.
  2542 | D:3      | Reached skill level 5 in Polearms
  2613 | D:3      | Found a snail-covered altar of Cheibriados.
  2753 | D:3      | Found a faded altar of an unknown god.
  3077 | D:4      | Found a staircase to the Ecumenical Temple.
  3100 | D:4      | Reached XP level 5. HP: 30/47 MP: 4/4
  3470 | D:4      | Reached *** piety under Trog
  3806 | D:4      | Reached XP level 6. HP: 55/55 MP: 5/5
  3995 | D:4      | Reached skill level 5 in Fighting
  4092 | D:4      | Found an opulent altar of Gozag.
  4381 | D:4      | Noticed Menkaure
  4388 | D:4      | Killed Menkaure
  4389 | D:4      | Reached XP level 7. HP: 47/61 MP: 6/6
  4886 | D:4      | Found a runed translucent door.
  4919 | D:4      | Noticed srzhan31's ghost (amateur GrCj)
  5186 | D:5      | Entered Level 5 of the Dungeon
  5793 | D:5      | Identified the +4 chain mail "Fotzyrpharyt" {rPois rCorr}
  5807 | D:5      | Identified the +2 robe "Qic Itoc" {Rampage Will- SInv}
  5817 | D:5      | Reached skill level 5 in Armour
  5839 | D:5      | Noticed Prince Ribbit
  5852 | D:5      | Killed Prince Ribbit
  6169 | D:4      | Reached XP level 8. HP: 70/70 MP: 7/7
  6180 | D:4      | Killed srzhan31's ghost
  6181 | D:4      | Reached skill level 5 in Dodging
  6471 | D:2      | Bought a scroll of teleportation for 30 gold pieces
  6471 | D:2      | Bought a scroll of enchant armour for 75 gold pieces
  6646 | D:6      | Found a sparkling altar of Nemelex Xobeh.
  6682 | D:6      | Found a glowing drain.
  6699 | D:6      | Reached **** piety under Trog
  6712 | Sewer    | Entered a sewer
  7137 | D:6      | Identified the +9 rapier of Pestilence {vorpal, rElec
                  | Int+2}
  7433 | D:6      | Reached XP level 9. HP: 79/79 MP: 8/8
  7474 | D:6      | Found a bloodstained altar of Trog.
  7546 | D:6      | Reached skill level 10 in Polearms
  7788 | D:6      | Found a bloodstained altar of Trog.
  7795 | D:6      | Reached ***** piety under Trog
  7872 | D:6      | Found a sacrificial altar of Ru.
  8214 | D:7      | Identified the +4 scale mail "Xaned" {rElec Int+7}
  8306 | D:7      | Reached skill level 1 in Shields
  8680 | D:7      | You fall into a shaft and drop 3 floors!
  8680 | D:10     | Entered Level 10 of the Dungeon
  8731 | D:10     | Killed an unseen horror
  8753 | D:10     | Received a gift from Trog
  8976 | D:10     | Reached XP level 10. HP: 90/90 MP: 9/9
  9721 | D:8      | Found a white marble altar of Elyvilon.
  9757 | D:8      | Identified the +0 ring mail of Soft Rains {rPois rF+ Will+}
  9859 | D:7      | Found a blossoming altar of Fedhas.
 10071 | D:7      | Found a stormy altar of Qazlal.
 10847 | D:8      | Found a burning altar of Makhleb.
 11079 | D:8      | Noticed a two-headed ogre
 11084 | D:8      | Noticed a two-headed ogre
 11096 | D:8      | Killed a two-headed ogre
 11101 | D:8      | Killed a two-headed ogre
 11288 | D:8      | Noticed a centaur warrior
 11292 | D:8      | Killed an unseen horror
 11302 | D:8      | Killed a centaur warrior
 11840 | D:8      | Reached XP level 11. HP: 84/97 MP: 10/10
 11905 | D:8      | Identified the +8 glaive "Heiricw" {flame, rN+} (Trog
                  | gifted it to you on level 8 of the Dungeon)
 11905 | D:8      | Received a gift from Trog
 11995 | D:8      | Found a shimmering blue altar of Sif Muna.
 12053 | D:8      | Noticed a two-headed ogre
 12062 | D:8      | Killed a two-headed ogre
 12696 | D:8      | Identified the +5 scale mail of Lethargy {Harm rF+ Regen+
                  | Int+2}
 12726 | D:9      | Found a runed translucent gate.
 12726 | D:9      | Found a runed translucent gate.
 12726 | D:9      | Found a runed translucent gate.
 12732 | D:9      | Noticed foci's ghost (novice GrFi)
 12741 | D:9      | Killed foci's ghost
 12792 | D:9      | Found a white marble altar of Elyvilon.
 12792 | D:9      | Found a runed translucent door.
 12792 | D:9      | Noticed an angel
 12857 | D:9      | Reached skill level 10 in Fighting
 13340 | D:9      | Found a hide-covered altar of Uskayaw.
 14170 | D:10     | Reached skill level 10 in Armour
 14811 | D:11     | Found a staircase to the Lair.
 15114 | D:11     | Killed an unseen horror
 15176 | D:11     | Noticed a two-headed ogre
 15180 | D:11     | Killed a two-headed ogre
 15204 | D:11     | Killed an unseen horror
 15569 | D:11     | Noticed a white ugly thing
 15570 | D:11     | Noticed a two-headed ogre
 15577 | D:11     | Noticed a two-headed ogre
 15578 | D:11     | Killed a white ugly thing
 15579 | D:11     | Reached XP level 12. HP: 73/108 MP: 11/11
 15580 | D:11     | Killed a two-headed ogre
 15585 | D:11     | Killed a two-headed ogre
 15594 | D:11     | Received a gift from Trog
 15927 | D:11     | Found a portal to a secret trove of treasure.
 16397 | D:12     | Reached skill level 10 in Dodging
 16407 | D:12     | Reached skill level 15 in Polearms
 16793 | D:12     | Noticed Nergalle
 16793 | D:12     | Noticed a catoblepas
 16827 | D:12     | Killed a catoblepas
 16895 | D:11     | Killed Nergalle
 17063 | D:12     | Noticed a two-headed ogre
 17075 | D:12     | Killed a two-headed ogre
 17116 | D:12     | Found a staircase to the Orcish Mines.
 17583 | D:12     | Noticed Snorg
 17599 | D:12     | Killed Snorg
 17954 | D:12     | Noticed Fannar
 17956 | D:12     | Noticed a two-headed ogre
 17965 | D:12     | Killed Fannar
 17969 | D:12     | Killed a two-headed ogre
 18046 | D:13     | Noticed Frances
 18057 | D:13     | Killed Frances
 18058 | D:13     | Reached XP level 13. HP: 87/118 MP: 12/12
 18308 | D:13     | Reached ****** piety under Trog
 18610 | D:13     | Received a gift from Trog
 18623 | D:13     | Identified a scroll of acquirement
 18624 | D:13     | Acquired 1131 gold pieces
 19744 | D:14     | Identified the +8 battleaxe of Qystry {flame, *Drain rElec
                  | rF++ rC+}
 20256 | D:14     | Found a gate to the Vaults.
 20282 | D:13     | Received a gift from Trog
 20925 | D:14     | Found Silar's Magic Scroll Shop.
 20936 | D:14     | Bought a scroll of fear for 38 gold pieces
 20936 | D:14     | Bought a scroll of blinking for 82 gold pieces
 21030 | D:15     | Entered Level 15 of the Dungeon
 21157 | D:15     | Reached XP level 14. HP: 120/129 MP: 13/13
 21291 | D:15     | Noticed Azrael
 21306 | D:15     | Killed Azrael
 21755 | D:15     | Noticed Nessos
 21767 | D:15     | Killed Nessos
 22988 | D:15     | Paralysed by an ogre mage for 5 turns
 23302 | D:15     | Acquired the +12 glaive of Prune {vorpal}
 23303 | D:15     | Found the +12 glaive of Prune {vorpal}
 23432 | D:15     | Found Plog's Antique Armour Emporium.
 23558 | D:15     | Found a staircase to the Depths.
 23840 | Lair:1   | Entered Level 1 of the Lair of Beasts
 24113 | Lair:1   | Received a gift from Trog
 24342 | Lair:1   | Found the +10 dark maul {vorpal}
 25920 | Lair:3   | Reached skill level 5 in Evocations
 25920 | Lair:3   | Reached XP level 15. HP: 137/137 MP: 14/14
 26688 | Lair:4   | Found a hole to the Spider Nest.
 26782 | Lair:4   | Found a staircase to the Shoals.
 27252 | Lair:5   | Received a gift from Trog
 27760 | Lair:5   | Found a viscous altar of Jiyva.
 27764 | Lair:5   | Reached XP level 16. HP: 137/147 MP: 15/15
 27769 | Lair:5   | Found a staircase to the Slime Pits.
 28512 | Lair:6   | Entered Level 6 of the Lair of Beasts
 29370 | Lair:6   | Received a gift from Trog
 29571 | Lair:6   | Reached skill level 15 in Fighting
 30387 | Orc:1    | Entered Level 1 of the Orcish Mines
 30490 | Orc:1    | Found a runed translucent door.
 30496 | Orc:1    | Noticed Terratoch's ghost (journeyman HOFi)
 30518 | Orc:1    | Killed Terratoch's ghost
 30597 | Orc:2    | Entered Level 2 of the Orcish Mines
 30616 | Orc:2    | Reached skill level 15 in Armour
 30625 | Orc:2    | Reached skill level 1 in Throwing
 30725 | Orc:1    | Paralysed by an orc sorcerer for 5 turns
 31213 | Orc:2    | Found Plog's Distillery.
 31213 | Orc:2    | Found Vumegavu's Antique Armour Boutique.
 31213 | Orc:2    | Found Giniac's Magic Scroll Shop.
 31213 | Orc:2    | Found Wator's Magic Scroll Shoppe.
 32712 | Orc:2    | Received a gift from Trog
 33466 | Orc:2    | Found a staircase to the Elven Halls.
 33621 | Orc:2    | Bought a potion of curing for 39 gold pieces
 33621 | Orc:2    | Bought a potion of curing for 39 gold pieces
 33622 | Orc:2    | Bought a scroll of teleportation for 51 gold pieces
 33622 | Orc:2    | Bought a scroll of fear for 59 gold pieces
 33622 | Orc:2    | Bought a scroll of teleportation for 51 gold pieces
 33622 | Orc:2    | Bought a scroll of fear for 59 gold pieces
 33622 | Orc:2    | Bought a scroll of summoning for 161 gold pieces
 33622 | Orc:2    | Bought a scroll of teleportation for 51 gold pieces
 33622 | Orc:2    | Bought a scroll of teleportation for 51 gold pieces
 33622 | Orc:2    | Bought a scroll of teleportation for 51 gold pieces
 33636 | Orc:2    | Bought 2 scrolls of teleportation for 78 gold pieces
 33636 | Orc:2    | Bought a scroll of enchant armour for 97 gold pieces
 33636 | Orc:2    | Bought a scroll of enchant weapon for 97 gold pieces
 33636 | Orc:2    | Bought a scroll of fog for 26 gold pieces
 33636 | Orc:2    | Bought a scroll of teleportation for 39 gold pieces
 33638 | Orc:2    | Reached skill level 5 in Throwing
 33638 | Orc:2    | Reached XP level 17. HP: 156/156 MP: 16/16
 33910 | Depths:1 | Entered Level 1 of the Depths
 33942 | Depths:1 | Reached XP level 18. HP: 95/166 MP: 17/17
 35590 | Spider:1 | Entered Level 1 of the Spider Nest
 35875 | Spider:1 | Identified the +2 pair of boots of the Quahog {Will+}
 36493 | Spider:1 | Received a gift from Trog
 38516 | Spider:2 | Received a gift from Trog
 40073 | Spider:3 | Identified the +1 ring mail of Vumal {Will+ Int+2}
 41548 | Spider:3 | Received a gift from Trog
 41844 | Spider:4 | Entered Level 4 of the Spider Nest
 42521 | Spider:3 | HP: 6/169 [spark wasp (17)]
 42941 | Spider:3 | Reached skill level 10 in Shields
 43811 | Spider:3 | Reached XP level 19. HP: 162/177 MP: 18/18
 44490 | Spider:4 | Found a transporter.
 44503 | Spider:4 | Found a transporter.
 44575 | Spider:4 | Received a gift from Trog
 46183 | Spider:4 | Got a gossamer rune of Zot
 46272 | Spider:4 | Noticed Wyvvagh's ghost (journeyman GnFi)
 46289 | Spider:4 | Gained mutation: Scrolls take you a little longer to read.
                  | [a cacodemon]
 46302 | Spider:4 | Killed Wyvvagh's ghost
 46959 | Spider:4 | Identified the +9 shortbow "Wyig" {venom, rElec rPois rF++}
 46963 | Spider:4 | Found a one-way gate to the infinite horrors of the Abyss.
 47125 | Shoals:1 | Entered Level 1 of the Shoals
 48103 | Shoals:1 | Found a runed translucent door.
 48360 | Shoals:1 | Reached skill level 10 in Throwing
 48393 | Shoals:1 | Received a gift from Trog
 49906 | Shoals:2 | Identified the +0 scale mail "Xeaps" {rN+ Str+4}
 50123 | Shoals:3 | HP: 7/179 [satyr/sling bullet (29)]
 50128 | Shoals:3 | HP: 2/179 [satyr/sling bullet (24)]
 50689 | Shoals:2 | Acquired a manual of Fighting
 50692 | Shoals:2 | Acquired a manual of Invocations
 51195 | Shoals:3 | Found Liyrizae's Antique Armour Emporium.
 51483 | Shoals:4 | Entered Level 4 of the Shoals
 52841 | Shoals:3 | Reached XP level 20. HP: 108/189 MP: 4/19
 55441 | Shoals:4 | Identified the +0 robe "Ipuipho" {Harm MP+9 Int+2}
 56590 | Shoals:4 | Got a barnacled rune of Zot
 56901 | Shoals:4 | Received a gift from Trog
 57388 | Vaults:1 | Entered Level 1 of the Vaults
 57504 | Vaults:1 | Found Yliley's Book Shoppe.
 59672 | Vaults:1 | Reached XP level 21. HP: 203/203 MP: 20/20
 59679 | Vaults:1 | Lost mutation: Scrolls take you a little longer to read.
                  | [potion of mutation]
 59679 | Vaults:1 | Gained mutation: You are frail. (-10% HP) [potion of
                  | mutation]
 59679 | Vaults:1 | Gained mutation: You are clumsy. (Dex -2) [potion of
                  | mutation]
 59679 | Vaults:1 | Gained mutation: You are partially covered in icy blue
                  | scales. (AC +2) [potion of mutation]
 59680 | Vaults:1 | Lost mutation: You are frail. (-10% HP) [potion of
                  | mutation]
 59680 | Vaults:1 | Lost mutation: You are clumsy. (Dex -2) [potion of
                  | mutation]
 59680 | Vaults:1 | Gained mutation: You expend magic power (3 MP) to
                  | strengthen your wands. [potion of mutation]
 59680 | Vaults:1 | Gained mutation: You have an increased reservoir of magic.
                  | (+10% MP) [potion of mutation]
 60190 | Vaults:2 | Received a gift from Trog
 60856 | Vaults:2 | Reached skill level 15 in Shields
 60937 | Vaults:2 | Noticed Sojobo
 60990 | Vaults:2 | Killed Sojobo
 60990 | Vaults:2 | Received a gift from Trog
 61687 | Vaults:2 | Noticed Mara
 61707 | Vaults:2 | Killed Mara
 63192 | Vaults:3 | Received a gift from Trog
 63937 | Vaults:3 | Found a staircase to the Crypt.
 64681 | Vaults:3 | Reached XP level 22. HP: 198/217 MP: 23/23
 65260 | Vaults:4 | Received a gift from Trog
 65812 | Vaults:4 | Identified the +6 great sword "Ityisyom" {spect, +Blink}
 66863 | Elf:1    | Entered Level 1 of the Elven Halls
 66969 | Elf:1    | Received a gift from Trog
 67313 | Elf:1    | Identified the +0 ring mail of the Hot Ocelot {rF+ rCorr}
 67614 | Elf:1    | Found Hyusaank's General Store.
 67634 | Elf:1    | Bought a scroll of brand weapon for 280 gold pieces
 68007 | Elf:1    | Acquired 1246 gold pieces
 68055 | Elf:2    | Noticed Agnes
 68072 | Elf:2    | Killed Agnes
 68108 | Elf:2    | Found a runed translucent gate.
 68111 | Elf:2    | Received a gift from Trog
 68112 | Elf:2    | Found a runed translucent gate.
 68118 | Elf:2    | Found a runed translucent gate.
 68131 | Elf:2    | Identified the +5 bardiche of the Ancient Xeniums {pain,
                  | SInv}
 68136 | Elf:2    | Identified the +7 morningstar of Tenacity {freeze, rF+
                  | Will++}
 68160 | Elf:2    | Noticed Aizul
 68175 | Elf:2    | Killed Aizul
 68245 | Elf:2    | Found Ykoaciva's Distillery.
 68755 | Elf:2    | Cast into level 2 of the Abyss (+0 war axe of distortion)
 69063 | Abyss:2  | Found a corrupted altar of Lugonu.
 69223 | Abyss:2  | Reached skill level 15 in Throwing
 69324 | Abyss:2  | Gained mutation: Your spells are a little easier to cast,
                  | but a little less powerful. [a cacodemon]
 69391 | Abyss:2  | Gained mutation: You occasionally shout uncontrollably at
                  | your foes. [a neqoxec]
 69801 | Elf:2    | Escaped the Abyss
 69803 | Elf:2    | Received a gift from Trog
 69884 | Elf:2    | Reached XP level 23. HP: 119/222 MP: 24/24
 70439 | Elf:3    | Entered Level 3 of the Elven Halls
 70471 | Elf:3    | Identified the ring "Rutif" {Ice *Contam rElec rPois Dex+7}
 70494 | Elf:3    | Received a gift from Trog
 70931 | Elf:3    | Cast into level 2 of the Abyss (a deep elf demonologist)
 70931 | Abyss:2  | Found a corrupted altar of Lugonu.
 71230 | Abyss:3  | Lost intelligence.
 71510 | Abyss:3  | Found a shimmering altar of Xom.
 71546 | Abyss:3  | Received a gift from Trog
 71551 | Elf:3    | Escaped the Abyss
 71569 | Elf:3    | Identified the +8 scale mail of Recklessness {Str+6 Int-3
                  | SInv}
 71569 | Elf:3    | Identified the ring "Kunul" {Str+3 Dex+6}
 71615 | Elf:3    | Identified the ring of Pazar {Int+6 Dex+6}
 71621 | Elf:3    | Identified the +1 robe "Xattoent" {*Slow rN+ Will+ Regen+}
 71636 | Elf:3    | Identified the ring "Oho Wodu" {Fire rPois rN++ Int-3
                  | Dex-4}
 71894 | Elf:3    | Identified the +6 short sword "Esmits" {vorpal, Dex+4}
 71895 | Elf:3    | Identified the +1 quarterstaff "Jeissoiq" {spect, Int+3
                  | Stlth+}
 71895 | Elf:3    | Identified the +1 leather armour "Nasical Moys" {rN++
                  | Slay+5}
 72128 | Elf:3    | Identified the Almanac of Mutagenic Cold
 72481 | Elf:3    | Found Jaoweoro's Antique Armour Boutique.
 72734 | Elf:3    | Identified Sif Muna's Catalogue of Harmful Companions
 73053 | Elf:3    | Bought a smouldering plate armour for 1204 gold pieces
 73053 | Elf:3    | Identified the +10 plate armour of Poor Excuses {rElec}
                  | (You bought it in a shop on level 3 of the Elven Halls)
 73357 | Slime:1  | Entered Level 1 of the Pits of Slime
 74254 | Slime:3  | Gained mutation: Scrolls take you a little longer to read.
                  | [a shining eye]
 74400 | Slime:4  | Received a gift from Trog
 75018 | Slime:5  | Entered Level 5 of the Pits of Slime
 75040 | Slime:5  | Reached XP level 24. HP: 221/239 MP: 24/24
 75747 | Slime:5  | Gained mutation: Armour fits poorly on your strangely
                  | shaped body. [a shining eye]
 75759 | Slime:4  | Lost mutation: Armour fits poorly on your strangely shaped
                  | body. [potion of mutation]
 75759 | Slime:4  | Lost mutation: You have an increased reservoir of magic.
                  | (+10% MP) [potion of mutation]
 75759 | Slime:4  | Gained mutation: Your spells are easier to cast, but less
                  | powerful. [potion of mutation]
 75759 | Slime:4  | Gained mutation: You have a somewhat thin skeletal
                  | structure. (Dex +2, Stealth) [potion of mutation]
 75760 | Slime:4  | Lost mutation: Scrolls take you a little longer to read.
                  | [potion of mutation]
 75760 | Slime:4  | Lost mutation: You expend magic power (3 MP) to strengthen
                  | your wands. [potion of mutation]
 75760 | Slime:4  | Gained mutation: You sometimes yell uncontrollably at your
                  | foes. [potion of mutation]
 75760 | Slime:4  | Gained mutation: You are mostly covered in icy blue scales.
                  | (AC +3) [potion of mutation]
 75888 | Slime:5  | Found a viscous altar of Jiyva.
 75925 | Slime:5  | Noticed the Royal Jelly
 75955 | Slime:5  | Killed the Royal Jelly
 76549 | Slime:5  | Reached skill level 15 in Dodging
 77107 | Slime:5  | Identified the +5 ring mail of Kyzish {+Blink rN+++ Int-3}
 77121 | Slime:5  | Got a slimy rune of Zot
 77150 | Slime:5  | Identified the +9 arbalest "Hyced" {penet, rC+}
 77974 | D:11     | You showed the slimy rune of Zot to enter a treasure trove
 77975 | Trove    | Entered a treasure trove
 77982 | Trove    | Identified the +6 long sword of Peace {vamp, Str+3 SInv}
 78000 | Trove    | Identified the amulet "Lecitu" {Acrobat rN+ Str+2 Int-3
                  | Stlth+}
 78300 | Vaults:5 | Entered Level 5 of the Vaults
 78869 | Vaults:5 | Received a gift from Trog
 80986 | Vaults:4 | Received a gift from Trog
 82757 | Vaults:5 | Reached XP level 25. HP: 231/250 MP: 22/22
 82935 | Vaults:5 | Identified the amulet "Tacueru" {Faith rF++ rN+++ Will-}
 83209 | Vaults:5 | Noticed a dread lich
 83222 | Vaults:5 | Killed a dread lich
 83248 | Vaults:5 | Got a silver rune of Zot
 83858 | Vaults:5 | Gained mutation: Potions are less effective at restoring
                  | your health. [a neqoxec]
 84329 | Vaults:5 | Identified the +3 ring mail of Too Many Cooks {-Tele rElec
                  | SInv}
 84362 | Vaults:4 | Upgraded the game from 0.27-a0-679-g77a6b55cf3 to
                  | 0.27-a0-686-gaed091b46b
 84974 | Depths:1 | Received a gift from Trog
 85225 | Depths:1 | Identified the +10 broad axe of Kiqerrao {vorpal, +Inv
                  | rElec rF+}
 85294 | Depths:1 | Found a gateway to Hell.
 85377 | Depths:1 | Identified the ring of the Invisible Hand {+Blink rPois rF+
                  | rC- SInv}
 85538 | Depths:1 | Identified the +6 rapier of Reuxzipa {drain, rElec Int+2}
 85902 | Depths:2 | Found a broken altar of Ashenzari.
 86753 | Depths:2 | Received a gift from Trog
 87250 | Depths:3 | Found Qekasm's Antique Armour Shoppe.
 87269 | Depths:3 | Found Tyhexut's Distillery.
 87596 | Depths:3 | Found a shimmering blue altar of Sif Muna.
 88169 | Depths:3 | Reached XP level 26. HP: 183/259 MP: 22/22
 88456 | Depths:3 | Noticed an ancient lich
 88456 | Depths:3 | Noticed Qeapsu Xaesm's ghost (adept NaFi)
 88479 | Depths:3 | Found a runed translucent door.
 88484 | Depths:3 | Received a gift from Trog
 89006 | Depths:3 | Found a runed translucent door.
 89116 | Depths:3 | Found a one-way gate leading to the halls of Pandemonium.
 89425 | Depths:3 | Killed an ancient lich
 89431 | Depths:3 | Killed Qeapsu Xaesm's ghost
 90946 | Depths:5 | Entered Level 5 of the Depths
 90946 | Depths:5 | Found Uheniof's Armour Boutique.
 90949 | Depths:5 | Found a gateway to a ziggurat.
 91080 | Depths:5 | Found Qontut Seko's Armour Shoppe.
 91086 | Depths:5 | Found Lurusepaoc's Distillery.
 91087 | Depths:5 | Found Fenlav's Distillery.
 91987 | Depths:5 | Found a gate to the Realm of Zot.
 92424 | Depths:5 | Found Tisad's Assorted Antiques.
 92432 | Depths:5 | Bought a twisted crystal plate armour for 3825 gold pieces
 92432 | Depths:5 | Identified the +9 crystal plate armour of Nekamac {Rampage
                  | rElec Regen+ Dex-2} (You bought it in a shop on level 5 of
                  | the Depths)
 92485 | Depths:5 | Bought a glowing cloak for 337 gold pieces
 92535 | Zot:1    | Entered Level 1 of the Realm of Zot
 92637 | Zot:1    | Reached skill level 27 in Fighting
 93246 | Zot:1    | Noticed an orb of fire
 93253 | Zot:1    | Gained mutation: You expend magic power (3 MP) to
                  | strengthen your wands. [an orb of fire]
 93279 | Zot:1    | Gained mutation: Your body sometimes deteriorates upon
                  | taking damage. [an orb of fire]
 93289 | Zot:2    | Received a gift from Trog
 93303 | Zot:2    | Reached XP level 27. HP: 47/263 MP: 22/22
 93627 | Zot:1    | Gained mutation: You are frail. (-10% HP) [an orb of fire]
 93642 | Zot:1    | Killed an orb of fire
 93675 | Zot:1    | Lost mutation: Your body sometimes deteriorates upon taking
                  | damage. [potion of mutation]
 93675 | Zot:1    | Lost mutation: You sometimes yell uncontrollably at your
                  | foes. [potion of mutation]
 93675 | Zot:1    | Gained mutation: You are agile. (Dex +2) [potion of
                  | mutation]
 93675 | Zot:1    | Gained mutation: You are resistant to electric shocks.
                  | (rElec) [potion of mutation]
 93676 | Zot:1    | Lost mutation: You expend magic power (3 MP) to strengthen
                  | your wands. [potion of mutation]
 93676 | Zot:1    | Lost mutation: Your spells are easier to cast, but less
                  | powerful. [potion of mutation]
 93676 | Zot:1    | Lost mutation: You are frail. (-10% HP) [potion of
                  | mutation]
 93676 | Zot:1    | Gained mutation: Your flesh is cold resistant. (rC+)
                  | [potion of mutation]
 93676 | Zot:1    | Lost mutation: You occasionally shout uncontrollably at
                  | your foes. [potion of mutation]
 93676 | Zot:1    | Gained mutation: You are very agile. (Dex +4) [potion of
                  | mutation]
 93677 | Zot:1    | Lost mutation: You are resistant to electric shocks.
                  | (rElec) [potion of mutation]
 93677 | Zot:1    | Lost mutation: You are very agile. (Dex +4) [potion of
                  | mutation]
 93677 | Zot:1    | Gained mutation: You expend magic power (3 MP) to
                  | strengthen your wands. [potion of mutation]
 94519 | Zot:2    | Received a gift from Trog
 94580 | Zot:2    | Found the +4 dragonskin cloak
 94580 | Zot:2    | Noticed Tiamat
 95403 | Zot:2    | Killed Tiamat
 97586 | Zot:4    | Reached skill level 27 in Armour
 98212 | Zot:5    | Entered Level 5 of the Realm of Zot
 98604 | Zot:5    | Paralysed by a Zot trap for 3 turns
 98653 | Zot:5    | Noticed an ancient lich
 98663 | Zot:5    | Killed an ancient lich
 98723 | Zot:5    | Noticed an ancient lich
 98745 | Zot:5    | Killed an ancient lich
 98745 | Zot:5    | Identified the +3 glaive of the Tired Emperors {antimagic,
                  | rPois SInv} (Trog gifted it to you on level 5 of the Realm
                  | of Zot)
 98745 | Zot:5    | Received a gift from Trog
 99008 | Zot:5    | Noticed an orb of fire
 99021 | Zot:5    | Gained mutation: [Your magical capacity is low. (-10% MP)]
                  | [an orb of fire]
 99036 | Zot:5    | Killed an orb of fire
 99039 | Zot:5    | Noticed an orb of fire
 99045 | Zot:5    | Gained mutation: You are dopey. (Int -2) [an orb of fire]
 99046 | Zot:5    | Gained mutation: You are weak. (Str -2) [an orb of fire]
 99050 | Zot:5    | Killed an orb of fire
 99051 | Zot:5    | Noticed an orb of fire
 99061 | Zot:5    | Killed an orb of fire
 99062 | Zot:5    | Noticed an orb of fire
 99218 | Zot:5    | Killed an orb of fire
 99941 | Zot:5    | Noticed an orb of fire
 99949 | Zot:5    | Noticed an orb of fire
 99956 | Zot:5    | Gained mutation: Your spells are easier to cast, but less
                  | powerful. [an orb of fire]
 99958 | Zot:5    | Killed an orb of fire
 99977 | Zot:5    | Noticed a dread lich
 99978 | Zot:5    | Noticed a dread lich
 99978 | Zot:5    | Paralysed by a dread lich for 4 turns
100110 | Zot:5    | Killed a dread lich
100146 | Zot:5    | Killed a dread lich
100763 | Zot:5    | Killed an orb of fire
100857 | Zot:5    | Received a gift from Trog
101823 | Temple   | Entered the Ecumenical Temple
101928 | Temple   | Fell from the grace of Trog
101928 | Temple   | Became a worshipper of the Shining One
102694 | Crypt:1  | Entered Level 1 of the Crypt
102812 | Crypt:1  | Reached * piety under the Shining One
103033 | Crypt:1  | Reached ** piety under the Shining One
103391 | Crypt:1  | Reached *** piety under the Shining One
103756 | Crypt:2  | Reached **** piety under the Shining One
103988 | Crypt:2  | Reached ***** piety under the Shining One
104562 | Crypt:3  | Entered Level 3 of the Crypt
104562 | Crypt:3  | Noticed Jory
104600 | Crypt:2  | Killed Jory
104612 | Crypt:3  | Noticed Bai Suzhen
104639 | Crypt:3  | Reached ****** piety under the Shining One
104657 | Crypt:2  | Killed Bai Suzhen
104731 | Crypt:3  | Found a staircase to the Tomb.
104783 | Crypt:3  | Noticed Margery
104813 | Crypt:3  | Killed Margery
104937 | Crypt:3  | Identified a +9 trishula of holy wrath (a +9 demon trident
                  | of protection blessed by the Shining One)
104937 | Crypt:3  | Received a gift from the Shining One
105590 | Crypt:3  | Reached skill level 1 in Invocations
105747 | Crypt:3  | Identified the +2 plate armour of Asateiz {+Inv rF++ Int-5}
105748 | Crypt:3  | Identified the +4 dagger of Tivoelum {freeze, MP+9}
105765 | Crypt:3  | Identified the ring "Lepty" {*Corrode rElec rF+ Will+
                  | Int+3}
106065 | Crypt:3  | Acquired a +2 pair of boots of flying
106139 | Crypt:3  | Reached skill level 5 in Invocations
106759 | Depths:2 | Voluntarily entered the Abyss.
106872 | Abyss:1  | Paralysed by you for 2 turns
106906 | Abyss:1  | Gained mutation: You occasionally shout uncontrollably at
                  | your foes. [a neqoxec]
107610 | Abyss:1  | Learned a level 1 spell: Apportation
107692 | Abyss:2  | Identified the Collected Works on Torrid Evil Arts
107940 | Abyss:2  | Found a hide-covered altar of Uskayaw.
108159 | Abyss:2  | Found a corrupted altar of Lugonu.
108247 | Abyss:2  | Identified the +0 long sword of Paacw {antimagic, Str+3}
108310 | Abyss:3  | Reached skill level 10 in Invocations
108316 | Abyss:3  | Found a glowing golden altar of the Shining One.
108338 | Abyss:3  | Identified the +3 buckler of Uskayaw's Condemnation {Harm
                  | Will+ SInv}
108353 | Abyss:3  | Noticed a juggernaut
108367 | Abyss:3  | Killed a juggernaut
108371 | Abyss:3  | Got an abyssal rune of Zot
108381 | Depths:2 | Escaped the Abyss
108429 | Depths:2 | Lost mutation: [Your magical capacity is low. (-10% MP)]
                  | [potion of mutation]
108429 | Depths:2 | Lost mutation: You are mostly covered in icy blue scales.
                  | (AC +3) [potion of mutation]
108429 | Depths:2 | Lost mutation: You are agile. (Dex +2) [potion of mutation]
108429 | Depths:2 | Gained mutation: You can translocate small distances at
                  | will. [potion of mutation]
108461 | Hell     | Entered the Vestibule of Hell
108461 | Hell     | Noticed Geryon
108834 | Hell     | Noticed Murray
109346 | Depths:2 | Killed Murray
109661 | Hell     | Killed Geryon
109673 | Hell     | Reached skill level 27 in Polearms
109715 | Hell     | Found a gateway to the freezing wastes of Cocytus.
109778 | Hell     | Found a gateway to the decaying netherworld of Tartarus.
109907 | Hell     | Found a gateway to the Iron City of Dis.
109983 | Hell     | Found a gateway to the ashen valley of Gehenna.
110230 | Coc:1    | Entered Level 1 of Cocytus
111152 | Coc:7    | Entered Level 7 of Cocytus
112377 | Coc:7    | Noticed Antaeus
112417 | Coc:7    | Killed Antaeus
112642 | Coc:7    | Identified the +2 ring mail "Gomnoc" {+Inv rPois Regen+}
112677 | Coc:7    | Identified Sif Muna's Almanac of Excruciating Translocation
112696 | Coc:7    | Paralysed by Trog for 5 turns
112696 | Coc:7    | Was forgiven by Trog
112791 | Coc:7    | Got an icy rune of Zot
112794 | Coc:7    | Identified the +6 short sword "Collol" {flame, rC+}
112934 | Coc:7    | Reached skill level 27 in Dodging
112934 | Coc:7    | Reached skill level 15 in Invocations
113087 | Dis:1    | Entered Level 1 of the Iron City of Dis
117632 | Dis:4    | Lost mutation: Potions are less effective at restoring your
                  | health. [potion of mutation]
117632 | Dis:4    | Lost mutation: You are weak. (Str -2) [potion of mutation]
117632 | Dis:4    | Lost mutation: You expend magic power (3 MP) to strengthen
                  | your wands. [potion of mutation]
117632 | Dis:4    | Lost mutation: You are partially covered in icy blue
                  | scales. (AC +2) [potion of mutation]
117632 | Dis:4    | Gained mutation: You are clumsy. (Dex -2) [potion of
                  | mutation]
117632 | Dis:4    | Gained mutation: Your muscles are strong. (Str +2) [potion
                  | of mutation]
117632 | Dis:4    | Gained mutation: Your natural rate of healing is unusually
                  | fast. [potion of mutation]
117721 | Dis:4    | Found a burning altar of Makhleb.
120063 | Dis:7    | Entered Level 7 of the Iron City of Dis
120717 | Dis:7    | Identified the +1 shortbow "Locrah" {speed, rN+}
121350 | Dis:7    | Identified the Tome of Icy Transmutation
121436 | Dis:7    | Found the +4 staff of Dispater
121436 | Dis:7    | Noticed Dispater
121457 | Dis:7    | Killed Dispater
121521 | Dis:7    | Got an iron rune of Zot
122077 | Tomb:1   | Entered Level 1 of the Tomb of the Ancients
122423 | Tomb:1   | Noticed a royal mummy
122428 | Tomb:1   | Killed a royal mummy
122616 | Tomb:1   | Noticed a royal mummy
122619 | Tomb:1   | Noticed a royal mummy
122629 | Tomb:1   | Killed a royal mummy
122680 | Tomb:1   | Killed a royal mummy
123005 | Tomb:1   | Noticed a royal mummy
123014 | Tomb:1   | Killed a royal mummy
123496 | Tomb:1   | Noticed a royal mummy
123504 | Tomb:1   | Killed a royal mummy
123515 | Tomb:1   | Noticed a royal mummy
123524 | Tomb:1   | Killed a royal mummy
123558 | Tomb:1   | Noticed a royal mummy
123558 | Tomb:1   | Noticed a royal mummy
123559 | Tomb:1   | Noticed a royal mummy
123567 | Tomb:1   | Killed a royal mummy
123572 | Tomb:1   | Killed a royal mummy
123577 | Tomb:1   | Killed a royal mummy
123579 | Tomb:1   | Noticed a royal mummy
123584 | Tomb:1   | Killed a royal mummy
123595 | Tomb:1   | Noticed a royal mummy
123603 | Tomb:1   | Killed a royal mummy
123725 | Tomb:1   | Noticed a royal mummy
123734 | Tomb:1   | Noticed a royal mummy
123741 | Tomb:1   | Noticed a royal mummy
123743 | Tomb:1   | Killed a royal mummy
123751 | Tomb:1   | Killed a royal mummy
123762 | Tomb:1   | Killed a royal mummy
123765 | Tomb:1   | Noticed a royal mummy
123777 | Tomb:1   | Killed a royal mummy
124048 | Tomb:1   | Noticed a royal mummy
124053 | Tomb:1   | Killed a royal mummy
124077 | Tomb:1   | Noticed a royal mummy
124085 | Tomb:1   | Killed a royal mummy
124099 | Tomb:1   | Noticed a royal mummy
124103 | Tomb:1   | Killed a royal mummy
124165 | Tomb:1   | Noticed a royal mummy
124176 | Tomb:1   | Killed a royal mummy
124179 | Tomb:1   | Noticed a royal mummy
124185 | Tomb:1   | Killed a royal mummy
124838 | Tomb:2   | Noticed a royal mummy
124838 | Tomb:2   | Noticed a royal mummy
124841 | Tomb:2   | Noticed a royal mummy
124843 | Tomb:2   | Noticed a royal mummy
124845 | Tomb:2   | Killed a royal mummy
124847 | Tomb:2   | Noticed a royal mummy
124849 | Tomb:2   | Lost mutation: Your muscles are strong. (Str +2) [mutagenic
                  | glow]
124853 | Tomb:2   | Killed a royal mummy
124868 | Tomb:2   | Killed a royal mummy
124873 | Tomb:2   | Killed a royal mummy
124877 | Tomb:2   | Killed a royal mummy
124878 | Tomb:2   | Reached skill level 27 in Shields
124944 | Tomb:2   | Identified the +9 arbalest of Moonedo {elec, rC+ Will+
                  | Str+4}
125372 | Tomb:3   | Entered Level 3 of the Tomb of the Ancients
125372 | Tomb:3   | Noticed Frederick
125415 | Tomb:3   | Noticed a royal mummy
125419 | Tomb:3   | Noticed a royal mummy
125420 | Tomb:3   | Noticed a royal mummy
125422 | Tomb:3   | Noticed a royal mummy
125422 | Tomb:3   | Noticed a royal mummy
125424 | Tomb:3   | Noticed a royal mummy
125426 | Tomb:3   | Killed Frederick
125426 | Tomb:3   | Noticed a royal mummy
125429 | Tomb:3   | Noticed a royal mummy
125431 | Tomb:3   | Noticed a royal mummy
125452 | Tomb:3   | Killed a royal mummy
125460 | Tomb:3   | HP: 8/273 [royal mummy/divine providence (16)]
125615 | Tomb:3   | Killed a royal mummy
125616 | Tomb:3   | Killed a royal mummy
125619 | Tomb:3   | Killed a royal mummy
125627 | Tomb:3   | Killed a royal mummy
125633 | Tomb:3   | Killed a royal mummy
125636 | Tomb:3   | Killed a royal mummy
125642 | Tomb:3   | Killed a royal mummy
125646 | Tomb:3   | Killed a royal mummy
125850 | Tomb:3   | Identified the +6 hunting sling of Aquerr {speed, rElec
                  | rF+}
125910 | Tomb:3   | Identified Cigotuvi's Handbook of Shifting Evil
125913 | Tomb:3   | Identified the Collected Works on Creative Sinister Secrets
125916 | Tomb:3   | Identified the amulet "Xuipol" {RegenMP rPois rC+ Str+2
                  | Dex-5}
126155 | Tomb:3   | Got a golden rune of Zot
126839 | Zig:1    | Entered Level 1 of a ziggurat
126855 | Zig:2    | Entered Level 2 of a ziggurat
126886 | Zig:3    | Entered Level 3 of a ziggurat
126886 | Zig:3    | Noticed a juggernaut
126903 | Zig:3    | Killed a juggernaut
127126 | Zig:3    | Lost mutation: Your spells are easier to cast, but less
                  | powerful. [potion of mutation]
127126 | Zig:3    | Lost mutation: Your spells are a little easier to cast, but
                  | a little less powerful. [potion of mutation]
127126 | Zig:3    | Lost mutation: You are clumsy. (Dex -2) [potion of
                  | mutation]
127126 | Zig:3    | Lost mutation: Your natural rate of healing is unusually
                  | fast. [potion of mutation]
127126 | Zig:3    | Gained mutation: You passively map a small area around you.
                  | [potion of mutation]
127126 | Zig:3    | Gained mutation: You are agile. (Dex +2) [potion of
                  | mutation]
127127 | Zig:3    | Lost mutation: You are agile. (Dex +2) [potion of mutation]
127127 | Zig:3    | Lost mutation: You occasionally shout uncontrollably at
                  | your foes. [potion of mutation]
127127 | Zig:3    | Lost mutation: You are dopey. (Int -2) [potion of mutation]
127127 | Zig:3    | Gained mutation: You are occasionally teleported next to
                  | monsters. [potion of mutation]
127127 | Zig:3    | Gained mutation: You are agile. (Dex +2) [potion of
                  | mutation]
127132 | Zig:4    | Entered Level 4 of a ziggurat
127165 | Zig:4    | Lost mutation: You have a somewhat thin skeletal structure.
                  | (Dex +2, Stealth) [potion of mutation]
127165 | Zig:4    | Lost mutation: Your flesh is cold resistant. (rC+) [potion
                  | of mutation]
127165 | Zig:4    | Lost mutation: You are agile. (Dex +2) [potion of mutation]
127165 | Zig:4    | Gained mutation: You are weak. (Str -2) [potion of
                  | mutation]
127165 | Zig:4    | Gained mutation: You have large cloven feet. [potion of
                  | mutation]
127165 | Zig:4    | Gained mutation: You are partially covered in slimy green
                  | scales. (AC +2) [potion of mutation]
127189 | Zig:4    | Lost mutation: You can translocate small distances at will.
                  | [potion of mutation]
127189 | Zig:4    | Lost mutation: You have large cloven feet. [potion of
                  | mutation]
127189 | Zig:4    | Lost mutation: You are weak. (Str -2) [potion of mutation]
127189 | Zig:4    | Lost mutation: You passively map a small area around you.
                  | [potion of mutation]
127189 | Zig:4    | Gained mutation: You have a pair of large horns on your
                  | head. [potion of mutation]
127189 | Zig:4    | Gained mutation: Your body sometimes deteriorates upon
                  | taking damage. [potion of mutation]
127189 | Zig:4    | Gained mutation: You are frail. (-10% HP) [potion of
                  | mutation]
127189 | Zig:4    | Gained mutation: You are partially covered in iridescent
                  | scales. (AC +2) [potion of mutation]
127193 | Zig:5    | Entered Level 5 of a ziggurat
127196 | Zig:5    | Noticed Juonaise the pandemonium lord
127217 | Zig:5    | Killed Juonaise the pandemonium lord
127219 | Zig:5    | Was placed under penance by the Shining One
127219 | Zig:5    | Killed from afar by a Hell Sentinel

Illustrated notes

Levels and vault maps discovered:
D:1:      dpeg_arrival_central, layout_rooms
D:2:      minmay_chambers_of_ones, layout_basic, serial_shops,
          nicolae_shop_waterfront
D:3:      layout_basic, eat_drink_and_be_merry_uskayaw,
          nicolae_overflow_crystal_walls, chequers_ecumenical_altar_lobes
D:4:      layout_loops_corners, nicolae_gozag_seed_capital,
          minmay_temple_entry_statues_pillars, ebering_ghost_sewer_d,
          grunt_ministairs_2, chequers_serial_rivers_micro_b, uniq_menkaure
D:5:      layout_rooms, st_stairs_5, uniq_prince_ribbit1
D:6:      layout_basic, old_standard_altar, lemuel_crystal_altar, basic_altar,
          portal_sewer_entry_c, grunt_ministairs_14, skrybe_limestone_x,
          nicolae_ru_path_of_blood
D:7:      minmay_blocky_corners, layout_cave_pools, general_overflow_altar,
          kennysheep_mini, nrook_campfire
D:8:      nzn_winding_woodlands_three_and_one [nzn_winding_woodlands_5x15_eye,
          nzn_winding_woodlands_5x15_twine,
          nzn_winding_woodlands_5x15_lazy_stream,
          nzn_winding_woodlands_center_triple_pond], layout_basic,
          elyvilon_altar_3, kennysheep_little_box, serial_glass,
          glass_columns_b, glass_columns_c, glass_columns_b,
          due_unseen_surprise, item_on_display_a, feat_on_display,
          hangedman_abyss_or_decor_jellyfish_corner, led_sif_book
D:9:      layout_layer_cave, basic_altar, ebering_ghost_rock_garden,
          lemuel_angel_altar
D:10:     layout_cave_pods
D:11:     layout_long_grid, erik_lair_orcish_takeover, enter_trove_2
D:12:     layout_loops_cross, david_orc_5, uniq_fannar, uniq_snorg,
          uniq_nergalle
D:13:     cheibrodos_statue_roulette, layout_long_grid,
          amcnicky_mini_pool_medium, uniq_frances
D:14:     layout_cave_pools, lightli_vaults_fourway_checkpoint, serial_shops,
          shop, minmay_fountain_box, chequers_serial_rivers_large_b
D:15:     grunt_enter_depths_magical_seal, layout_basic, serial_park_fountain,
          serial_shops, shop, serial_bayou_pond_e, uniq_nessos, uniq_azrael
Temple:   dshaligram_water_room_temple
Lair:1:   layout_regular_city
Lair:2:   layout_layer_cave, lemuel_fruit_fields
Lair:3:   layout_loops_ring, grunt_forest_small_clearing_treed,
          infiniplex_staircase_pool_2
Lair:4:   layout_small_grid, elwin_shoals_entry_stream, spider_nest_entry_a,
          beast_lair_carwin_6, lemuel_fruit_tree
Lair:5:   layout_regular_city, slime_altar_1, minivault_26, grunt_megastairs_3
Lair:6:   gammafunk_lair_ancient_temple, layout_regular_city,
          nicolae_lair_yak_garden
Shoals:1: layout_shoals, lightli_airlock
Shoals:2: layout_shoals
Shoals:3: layout_shoals, serial_shops, nicolae_shop_overgrown_old_shop,
          st_shoals_ruin
Shoals:4: shoals_end_grunt_garden, layout_shoals
Spider:1: layout_chambers, beargit_elvish_explorers
Spider:2: layout_chambers, minivault_29
Spider:3: layout_spider_delve, nicolae_spider_cling_halls
Spider:4: grunt_spider_rune_circles, gammafunk_ghost_abyssal_escape
Slime:1:  layout_caves
Slime:2:  layout_caves
Slime:3:  layout_caves, cheibrodos_slime_lost_civilization_7
Slime:4:  layout_caves, nicolae_slime_barrier
Slime:5
Orc:1:    layout_diamond_mine, basic_altar, ebering_ghost_reflecting_pool
Orc:2:    st_orc_ogre_mass, layout_caves, minmay_orc_temple_a
Elf:1:    eino_elf_arrival_sip, layout_gridlike, serial_shops, shop,
          hangedman_elf_disciples
Elf:2:    layout_loops_cross, serial_shops, shop, uniq_agnes, uniq_aizul
Elf:3:    minmay_elf_hall_quartered_circle, layout_geoelf_grid, minmay_shop_star
Vaults:1: v_alt_pattern_5, hangedman_vaults_locks, v_misc_12,
          hangedman_vaults_corner, nicolae_vaults_ninety_degrees,
          nicolae_vaults_asterisk, hangedman_vaults_nodes,
          ontoclasm_vaults_misaligned, v_misc_23, dpeg_vaults_waves,
          nicolae_vaults_circle_grid_a, grunt_vaults_hallway_short,
          nicolae_vaults_ring_of_whatevers, layout_vaults_omnibox, serial_shops,
          nicolae_shop_trees
Vaults:2: grunt_vaults_twisty, v_misc_33, v_rooms_4,
          nicolae_vaults_display_case, hangedman_vaults_stagger,
          grunt_vaults_funnel, nicolae_vaults_little_squares_3,
          nicolae_vaults_network_s, vaults_dpeg_ring, layout_vaults_omnigrid,
          uniq_mara, uniq_sojobo
Vaults:3: v_alt_pattern_3, vaults_room_grunt_arrival_checkpoint,
          minmay_crypt_entry_simple_walls, v_pattern_4,
          nicolae_vaults_rhombus_5, nicolae_vaults_three_branches, v_misc_30,
          vaults_mumra_chevron, hangedman_vaults_snaps, vaults_standard_mumra_x,
          layout_vaults_big_room
Vaults:4: hangedman_vaults_corner_blocks, vaults_standard_mumra_lines,
          ontoclasm_vaults_fault, ontoclasm_vaults_spin, v_misc_29,
          ontoclasm_vaults_ring_large, hangedman_vaults_slice,
          nicolae_vaults_diagonal_hallway_8, nicolae_vaults_mini_display_case,
          nicolae_vaults_alarming, nicolae_vaults_little_squares_2,
          nicolae_vaults_rhombus_6, layout_vaults_omnicross
Vaults:5: serial_shops
Crypt:1:  layout_gridlike, grunt_crypt_arrival_webbed, grunt_megastairs_5
Crypt:2:  layout_regular_city
Crypt:3:  due_elkab, layout_chaotic_city, hex_tiny, uniq_margery,
          uniq_bai_suzhen, uniq_jory
Tomb:1
Tomb:2
Tomb:3:   uniq_frederick
Depths:1: layout_gridlike, grunt_hell_entry_demonic_statue,
          minmay_misc_feat_tower, minmay_starry_boxes
Depths:2: minmay_inner_zag, layout_gridville, pf_hell_entry_tar_river,
          abyss_entry_crystal, serial_bayou_shore_b, serial_bayou_lagoon_a,
          nicolae_ashenzari_panopticon, infiniplex_staircase_diamond
Depths:3: kennysheep_green_arena, layout_cave_shapes, rand_demon_pan_entry_5,
          muffindrake_ghost_dual_entry, old_standard_altar, hell_entry,
          infiniplex_staircase_squiggle, minmay_shoptagon, serial_bayou_shore_b
Depths:4: minmay_octagon_keep, layout_gridlike, hangedman_decor_slide_cut,
          abyss_entry, hell_entry, infiniplex_staircase_spiral,
          serial_bayou_shore_a
Depths:5: grunt_zot_entry_gee_three, layout_cross, enter_ziggurat_a,
          serial_shops, shop, nicolae_shop_crystal, shop_statue, shop, shop,
          hell_entry
Hell
Dis:1:    layout_overlapping_boxes
Dis:2:    layout_overlapping_boxes, nicolae_dis_strange_trophy_room
Dis:3:    layout_subdivisions
Dis:4:    kennysheep_iron_temple, layout_subdivisions
Dis:5:    layout_overlapping_boxes
Dis:6:    layout_jigsaw, grunt_megastairs_4
Dis:7:    iron_city_of_dis [dis_grunt, dis_wall_8], layout_chaotic_city
Coc:1:    layout_ice_bergs
Coc:2:    layout_cocytus_water_paths
Coc:3:    layout_ice_bergs
Coc:4:    layout_cocytus_water_paths
Coc:5:    layout_cocytus_delve
Coc:6:    layout_ice_bergs
Coc:7:    coc_grunt_cove [coc_grunt_cove_antaeus, coc_grunt_cove_fiend,
          coc_grunt_cove_fiend, coc_grunt_cove_fiend, coc_grunt_cove_fiend]
Zot:1:    layout_misc_corridors
Zot:2:    layout_misc_corridors, grunt_ministairs_9, st_stairs_7, uniq_tiamat
Zot:3:    layout_gridlike, skrybe_zot_glass_1
Zot:4:    layout_misc_corridors
Zot:5:    layout_basic
Zig:5

Skill      XL: |  1  2  3  4  5  6  7  8  9 10 11 12 13 14 15 16 17 18 19 20 21 22 23 24 25 26 27 |
---------------+----------------------------------------------------------------------------------+-----
Polearms       | 4 5 6 8 9 11 12 14 16 17 18 19 20 21 22 23 27 | 27.0
Fighting       | 4 5 6 7 8 9 10 12 13 14 15 17 18 20 22 23 24 25 26 27 | 27.0
Armour         | 3 4 5 6 7 9 10 11 13 14 15 17 18 19 20 21 22 23 24 25 27 | 27.0
Dodging        | 3 4 6 7 8 9 10 11 12 13 14 16 17 19 27 | 27.0
Shields        | 2 4 6 10 12 14 16 17 19 27 | 27.0
Evocations     | 5 6 |  6.6
Throwing       | 5 8 10 12 13 15 24 | 24.7
Invocations    | 21 | 21.1
Spellcasting   | 3 |  3.4
Translocations | 3 |  3.7

Action                   |  1- 3 |  4- 6 |  7- 9 | 10-12 | 13-15 | 16-18 | 19-21 | 22-24 | 25-27 || total
-------------------------+-------+-------+-------+-------+-------+-------+-------+-------+-------++-------
Melee: Spear             |    94 |   141 |     5 |       |       |       |       |       |       ||   240
       Headbutt          |     7 |    25 |    62 |    93 |    96 |   202 |   384 |   507 |  2349 ||  3725
       Trident           |       |       |   374 |   229 |       |       |       |       |   798 ||  1401
       Halberd           |       |       |    45 |       |       |       |       |       |       ||    45
       Glaive            |       |       |       |   378 |   588 |  1072 |   504 |       |       ||  2542
       Demon trident     |       |       |       |       |       |       |  1427 |  1835 |  2714 ||  5976
       Trishula          |       |       |       |       |       |       |       |       |  4274 ||  4274
Throw: Javelin           |       |       |       |       |       |       |     5 |    11 |    51 ||    67
Invok: Berserk           |       |     4 |     3 |    11 |     4 |     6 |     5 |     4 |     6 ||    43
       Trog's Hand       |       |       |       |       |       |     5 |    11 |    20 |     5 ||    41
       Brothers in Arms  |       |       |       |       |       |       |     8 |     2 |     9 ||    19
       Cleansing Flame   |       |       |       |       |       |       |       |       |    47 ||    47
       Summon Divine War |       |       |       |       |       |       |       |       |    30 ||    30
       Divine Shield     |       |       |       |       |       |       |       |       |     5 ||     5
       Brand Weapon With |       |       |       |       |       |       |       |       |     1 ||     1
 Abil: Evoke Flight      |       |       |       |       |       |       |     1 |       |       ||     1
Evoke: Wand              |       |       |       |       |       |       |     3 |       |       ||     3
       Phantom mirror    |       |       |       |       |       |       |       |       |     1 ||     1
  Use: Scroll            |       |       |     6 |    12 |    11 |     1 |    17 |    15 |    40 ||   102
       Potion            |       |       |       |       |     2 |     7 |    17 |     3 |    53 ||    82
 Stab: Sleeping          |     1 |     1 |       |       |       |       |       |       |       ||     2
       Distracted        |       |     1 |       |       |       |       |       |     2 |     3 ||     6
       Petrified         |       |       |       |     3 |       |       |       |       |       ||     3
       Held in net/web   |       |       |       |       |       |       |     1 |       |       ||     1
       Confused          |       |       |       |       |       |       |       |       |     3 ||     3
Armor: Animal skin       |     9 |     4 |       |       |       |       |       |       |       ||    13
       Plate armour      |       |    41 |    16 |       |       |       |       |   391 |   286 ||   734
       Chain mail        |       |       |   180 |   261 |   285 |   593 |   701 |   245 |       ||  2265
       Crystal plate arm |       |       |       |       |       |       |       |       |  1601 ||  1601
       Gold dragon scale |       |       |       |       |       |       |       |       |   421 ||   421
       Skin              |       |       |       |       |       |       |       |       |   291 ||   291
Dodge: Dodged            |    34 |    42 |   100 |   206 |   278 |   658 |   656 |   502 |  2685 ||  5161
Block: Other             |       |    11 |    47 |    80 |   116 |   210 |    96 |       |       ||   560
       Reflection        |       |     2 |     1 |     8 |     9 |       |   144 |    93 |    87 ||   344
       Buckler           |       |       |    30 |    70 |       |       |       |       |       ||   100
       Kite shield       |       |       |       |       |       |       |  1019 |  1360 |  6253 ||  8632

Table legend: (Time is in decaauts)
 A = Elapsed time spent in this place.
 B = Non-inter-level travel time spent in this place.
 C = Inter-level travel time spent in this place.
 D = Time resting spent in this place.
 E = Time spent auto-exploring this place.
 F = Levels seen in this place.
 G = Mean time per level.
                   A        B        C        D        E       F      G
               +--------+--------+--------+--------+--------+-----+--------+
         Total | 123446 | 115054 |   8392 |  35487 |  58175 |  89 | 1387.0 |
       Dungeon |  26609 |  24166 |   2443 |   7978 |  13335 |  15 | 1773.9 |
        Temple |    127 |    118 |      9 |      0 |     69 |   1 |  127.0 |
          Lair |   7334 |   6471 |    863 |    903 |   4771 |   6 | 1222.3 |
        Shoals |  10132 |   9959 |    173 |   5231 |   3358 |   4 | 2533.0 |
   Spider Nest |  11489 |  11094 |    395 |   5277 |   4738 |   4 | 2872.2 |
    Slime Pits |   3922 |   3837 |     85 |   2167 |    909 |   5 |  784.4 |
  Orcish Mines |   3456 |   3253 |    203 |   1638 |   1212 |   2 | 1728.0 |
   Elven Halls |   4474 |   4170 |    304 |    507 |   2883 |   3 | 1491.3 |
        Vaults |  14815 |  13742 |   1073 |   5439 |   6488 |   5 | 2963.0 |
         Crypt |   3477 |   3184 |    293 |      0 |   2174 |   3 | 1159.0 |
          Tomb |   4412 |   3876 |    536 |   1276 |   1068 |   3 | 1470.7 |
        Depths |  10087 |   9136 |    951 |   2329 |   5458 |   5 | 2017.4 |
          Hell |    681 |    562 |    119 |      0 |    316 |   1 |  681.0 |
           Dis |   7823 |   7464 |    359 |     66 |   5502 |   7 | 1117.6 |
       Cocytus |   2472 |   2430 |     42 |     97 |    961 |   7 |  353.1 |
           Zot |   8294 |   7753 |    541 |   2212 |   3761 |   5 | 1658.8 |
         Abyss |   3042 |   3042 |      0 |    361 |    781 |   6 |  507.0 |
      Ziggurat |    327 |    327 |      0 |      0 |    131 |   5 |   65.4 |
         Trove |     94 |     94 |      0 |      0 |      0 |   1 |   94.0 |
         Sewer |    372 |    372 |      0 |      0 |    255 |   1 |  372.0 |
               +--------+--------+--------+--------+--------+-----+--------+

Top non-repeatable levels by time:
Vaults:4: 5971 daAuts
Shoals:3: 4599 daAuts
Spider:3: 4247 daAuts
Spider:2: 3531 daAuts
    D:15: 3075 daAuts
    D:14: 3001 daAuts
Depths:2: 2993 daAuts
  Tomb:1: 2869 daAuts
Vaults:2: 2684 daAuts
     D:4: 2661 daAuts
Depths:3: 2426 daAuts
     D:8: 2419 daAuts
   Zot:5: 2313 daAuts
   Orc:1: 2222 daAuts
Vaults:3: 2212 daAuts
